 Dungeon Crawl Stone Soup version 0.31.0-11-ge490571c62 (webtiles) character file.

Game seed: 16892921231920079322

168 qw the Shooter (level 5, 0/26 HPs)
             Began as a Spriggan Hunter on Feb 4, 2024.
             Was an Initiate of Okawaru.
             Incinerated by a bombardier beetle (2 damage)
             ... with a burning spray
             ... on level 3 of the Dungeon.
             The game lasted 00:00:06 (1928 turns).

qw the Shooter (Spriggan Hunter)                    Turns: 1928, Time: 00:00:07

Health: 0/26       AC:  4    Str:  7    XL:     5   Next: 23%
Magic:  6/6        EV: 20    Int: 10    God:    Okawaru [......]
Gold:   109        SH:  0    Dex: 21    Spells: 4/4 levels left

rFire   . . .        a - +1 shortbow
rCold   . . .        (shield currently unavailable)
rNeg    + . .        i - +2 robe {rN+}
rPois   .            (helmet restricted)
rElec   .            (no cloak)
rCorr   .            (gloves unavailable)
SInv    +            (boots unavailable)
Will    .....        n - amulet of regeneration
Stlth   +            (no ring)
HPRegen 1.04/turn    (no ring)
MPRegen 0.10/turn

%: no passive effects
@: on fire, glowing, very quick
A: very small, no large weapons, unfitting armour, see invisible, speed 3
a: Renounce Religion


You were on level 3 of the Dungeon.
You worshipped Okawaru.
Okawaru was noncommittal.
You visited 1 branch of the dungeon, and saw 3 of its levels.

You collected 109 gold pieces.


Innate Abilities, Weirdness & Mutations

You are very small and have problems with some larger weapons.
You are too small for most types of armour.
You have supernaturally acute eyesight. (SInv)
You cover ground extremely quickly. (Speed+++)


   Skills:
 - Level 2.0 Fighting
 + Level 5.5 Ranged Weapons
 - Level 5.0 Dodging
 - Level 1.5 Stealth


You had 4 spell levels left.
You didn't know any spells.
Your spell library was empty.

Inventory:

Hand Weapons
 a - a +1 shortbow (weapon)
Armour
 i - a +2 robe of positive energy (worn)
Jewellery
 n - an amulet of regeneration (around neck)
Scrolls
 c - a scroll of identify
 d - a scroll of enchant armour
 e - a scroll of teleportation
Potions
 b - a potion of cancellation {unknown}
 f - a potion of mutation {unknown}
 g - a potion of degeneration {unknown}
 k - a potion of ambrosia {unknown}
 l - a potion of enlightenment

Dungeon Overview and Level Annotations

Branches:
Dungeon (3/15)

Altars:
Gozag
Okawaru

Shops:
D:2 (


Message History

The bombardier beetle waves its antennae.
You shoot an arrow.
The arrow hits the bombardier beetle but does no damage.
The bombardier beetle is lightly wounded.
You shoot an arrow. The arrow hits the bombardier beetle.
The bombardier beetle is moderately wounded.
You shoot an arrow. The arrow hits the bombardier beetle.
The bombardier beetle is severely wounded.
The bombardier beetle sprays incendiary fluid at you.
The burning spray hits you.
You are covered in liquid fire!
You shoot an arrow.
The arrow barely misses the bombardier beetle.
The liquid fire burns you!
You shoot an arrow. The arrow hits the bombardier beetle.
The bombardier beetle is severely wounded.
The liquid fire burns you!
The bombardier beetle closely misses you.
You shoot an arrow.
The arrow hits the bombardier beetle but does no damage.
The bombardier beetle is severely wounded.
The liquid fire burns you!
The bombardier beetle bites you but does no damage.
You shoot an arrow. The arrow hits the bombardier beetle.
The bombardier beetle is severely wounded.
The liquid fire burns you! The bombardier beetle misses you.
You shoot an arrow. The arrow hits the bombardier beetle.
The bombardier beetle is almost dead.
The liquid fire burns you!
You shoot an arrow. The arrow hits the bombardier beetle.
You kill the bombardier beetle!
Okawaru accepts your kill. The liquid fire burns you!
You have reached level 5!
You feel agile.
You are on fire!
The liquid fire burns you!
You are on fire!
The liquid fire burns you!
You die...

################
#..............#
#.############.#
#.# #...#.# #.#
#...#.# #.#
#.....# #.#
#...#### #.#
#......# #@#
#......# #'#
#......# ...
##+#...# .....
#.#...## #.....#
#....... #.....#
###...## ......#
#...## ##.....#
#...## #####.


There were no monsters in sight!

Vanquished Creatures
  A bombardier beetle (D:3)
  Jessica (D:3)
  Robin (D:3)
  5 adders
  A dart slug (D:3)
  A ribbon worm (D:2)
  5 ball pythons
  A bat (D:3)
  4 endoplasms
  4 giant cockroaches
  9 goblins
  3 hobgoblins
  7 kobolds
  A quokka (D:2)
  A frilled lizard (D:1)
  A rat (D:2)
46 creatures vanquished.

Notes
Turn   | Place    | Note
-------+----------+-------------------------------------------
     0 | D:1      | qw the Spriggan Hunter began the quest for the Orb.
     0 | D:1      | Reached XP level 1. HP: 10/10 MP: 2/2
     0 | D:1      | 0 ||| qw: Version: 0.3-a-160-g6735b56
     0 | D:1      | 0 ||| qw: Game counter: 4466
     0 | D:1      | 0 ||| qw: Melee chars always use a shield: true
     0 | D:1      | 0 ||| qw: God list: Okawaru
     0 | D:1      | 0 ||| qw: Allow faded altars: false
     0 | D:1      | 0 ||| qw: Do Orc after clearing Dungeon:15 true
     0 | D:1      | 0 ||| qw: Do second Lair branch before Depths: true
     0 | D:1      | 0 ||| qw: Lair rune preference: random
     0 | D:1      | 0 ||| qw: Goals: Normal
     0 | D:1      | 0 ||| PLANNING D:1-11
    40 | D:1      | Reached skill level 3 in Dodging
   453 | D:1      | Reached XP level 2. HP: 14/14 MP: 3/3
   714 | D:1      | 714 ||| UPGRADING to amulet of regeneration.
   719 | D:1      | 719 ||| DROPPING ring of flight.
   720 | D:1      | 720 ||| READING 2 scrolls labelled GOERUTUONT.
   720 | D:1      | 720 ||| ENCHANTING +0 shortbow.
   721 | D:1      | 721 ||| READING 2 scrolls labelled KIEMIN HYGEIN.
   822 | D:1      | 822 ||| READING scroll labelled UCIOSOAMIO.
   822 | D:1      | 822 ||| IDENTIFYING inky potion
   823 | D:1      | 823 ||| READING scroll labelled CYENUX DOTTEVU.
   824 | D:1      | 824 ||| READING 2 scrolls labelled KIOTAE MAOSAUC.
   825 | D:1      | 825 ||| READING scroll labelled POR XOLUMO.
   828 | D:1      | 828 ||| DRINKING 2 brown potions.
   829 | D:1      | 829 ||| DROPPING scroll of butterflies.
   830 | D:1      | 830 ||| DROPPING potion of brilliance.
   831 | D:1      | 831 ||| DROPPING scroll of silence.
   832 | D:1      | 832 ||| DROPPING scroll of amnesia.
   967 | D:2      | Found a faded altar of an unknown god.
  1081 | D:2      | Found an iron altar of Okawaru.
  1082 | D:2      | 1082 ||| PLANNING OKAWARU WORSHIP
  1082 | D:2      | 1082 ||| READING scroll labelled UNOUGE SEPUE.
  1083 | D:2      | 1083 ||| READING scroll labelled SATUOF QISTOA.
  1084 | D:2      | 1084 ||| READING scroll labelled SAFIUGG YFUIBB.
  1084 | D:2      | 1084 ||| ENCHANTING +0 shortbow.
  1090 | D:2      | Became a worshipper of Warmaster Okawaru
  1091 | D:2      | 1091 ||| PLANNING D:1-11
  1128 | D:2      | Reached XP level 3. HP: 18/18 MP: 4/4
  1262 | D:2      | Found Tonotwots's Weapon Shoppe.
  1270 | D:2      | 1270 ||| SHOPLISTING +8 arbalest "Lanouka" {heavy, Str+7}
                  | (698 gold, have 94).
  1543 | D:2      | 1543 ||| UPGRADING to +2 robe of positive energy.
  1553 | D:2      | 1553 ||| DROPPING +0 robe.
  1554 | D:2      | 1554 ||| READING scroll labelled EKATHR JIECO.
  1730 | D:3      | Reached XP level 4. HP: 22/22 MP: 5/5
  1757 | D:3      | Found an opulent altar of Gozag.
  1798 | D:3      | Noticed Jessica
  1801 | D:3      | Killed Jessica
  1823 | D:3      | Noticed Robin
  1835 | D:3      | Killed Robin
  1926 | D:3      | HP: 5/23 [burnt (3)]
  1927 | D:3      | Reached XP level 5. HP: 7/26 MP: 6/6
  1927 | D:3      | HP: 1/26 [burnt (6)]
  1928 | D:3      | Incinerated by a bombardier beetle

Levels and vault maps discovered:
D:1:      erik_arrival_triangle_small, layout_basic
D:2:      layout_loops_ring, hellmonk_ecumenical_altar_leap_of_faith,
          serial_shops, nicolae_shop_bloodbath_and_beyond, basic_altar
D:3:      layout_basic, grunt_gozag_statues, uniq_jessica, uniq_robin, uniq_ijyb

Skill      XL: |  1  2  3  4 |
---------------+-------------+-----
Dodging        | 3 4 5 |  5.0
Ranged Weapons | 5 |  5.5
Fighting       | 2 |  2.0
Stealth        | |  1.5

Action                     |  1- 3 |  4- 6 || total
---------------------------+-------+-------++-------
   Fire: Shortbow          |    86 |    46 ||   132
    Use: Scroll            |    10 |       ||    10
         Potion            |     1 |       ||     1
 Armour: Robe              |     6 |     6 ||    12
  Dodge: Dodged            |    10 |    17 ||    27

Table legend:
 A = Non-vault XP
 B = Vault XP
 C = Vault XP percentage of total XP
 D = Non-vault monster count
 E = Vault monster count
 F = Vault count percentage of total count
                 A         B        C        D         E       F
            +---------+---------+-------+---------+---------+-------
      Total |     172 |      68 |  28.3 |      36 |      10 |  21.7
            +---------+---------+-------+---------+---------+-------
        D:1 |      15 |       0 |   0.0 |       8 |       0 |   0.0
        D:2 |      53 |       0 |   0.0 |      17 |       0 |   0.0
        D:3 |     104 |      68 |  39.5 |      11 |      10 |  47.6
            +---------+---------+-------+---------+---------+-------
